Map: Ruins of Endion

Players

Miszu - Winner!

  • Race: Terran Terran
  • League: Master

JoNesbo

  • Race: Terran Terran
  • League: Grandmaster

VOD

Have the link to the VOD?

Description

Time

  • Played on: April 25, 2016, 5:57 p.m.
  • Length: 13:54
Show
View Real Time Build Order
Export as new Build Order

Miszu Terran - Winner!

Build Orders: 1/1/1, Bio Tank 

Get SALT Encoding   

  12  0:00  SCV  
  13  0:13  SCV  
  14  0:19  Supply Depot  
  14  0:25  SCV  
  14  0:27  Refinery  
  15  0:41  SCV  
  16  0:52  Barracks  
  16  0:53  SCV  
  17  0:59  Refinery  
  17  1:05  SCV  
  18  1:18  SCV  
  19  1:30  SCV  
  20  1:40  Factory  
  20  1:41  Reaper  
  20  1:42  Orbital Command  
  21  1:51  Supply Depot  
  21  2:07  SCV  
  22  2:13  Reaper  
  23  2:19  SCV  
  24  2:25  Starport, Hellion  
  24  2:27  Supply Depot  
  26  2:32  SCV  
  27  2:45  Reaper, SCV  
  27  2:47  Hellion  
  31  2:58  Supply Depot  
  31  3:03  Medivac  
  33  3:08  Hellion  
  35  3:33  Command Center  
  34  3:41  Barracks Reactor, Starport Tech Lab  
  36  3:42  Factory Tech Lab  
  36  3:44  SCV  
  36  3:48  Supply Depot  
  33  4:13  SCV  
  33  4:15  Banshee  
  33  4:16  Cloaking Field  
  33  4:26  SCV  
  31  4:33  Command Center  
  31  4:36  Marine x2  
  31  4:38  SCV  
  33  4:42  Barracks  
  33  4:43  Barracks  
  33  4:52  SCV  
  34  4:54  Orbital Command  
  34  5:04  Reaper  
  34  5:05  Banshee  
  38  5:08  SCV  
  39  5:19  SCV  
  39  5:20  SCV  
  41  5:23  Siege Tank  
  44  5:30  Barracks Tech Lab  
  44  5:31  Barracks Tech Lab, SCV  
  44  5:32  SCV  
  46  5:38  Marine x2  
  48  5:43  SCV  
  48  5:44  SCV  
  50  5:55  SCV  
  50  5:56  SCV  
  53  6:07  Orbital Command  
  53  6:08  Siege Tank, SCV  
  53  6:09  SCV  
  57  6:13  Starport Reactor  
  57  6:14  Marine x3, Refinery  
  57  6:15  Refinery, Stimpack, Combat Shields  
  57  6:20  SCV  
  57  6:21  SCV  
  57  6:23  Marine  
  60  6:32  Marine x3, SCV  
  61  6:34  SCV  
  61  6:37  Engineering Bay, SCV  
  61  6:38  Engineering Bay  
  63  6:40  Siege Tank  
  63  6:41  Marine  
  66  6:49  Marine  
  66  6:50  Marine x2  
  69  6:58  Medivac x2  
  69  6:59  Marine  
  74  7:06  Terran Infantry Armor Level 1  
  74  7:07  Marine x2  
  74  7:08  Marine, Terran Infantry Weapons Level 1  
  77  7:16  Marine  
  74  7:25  Marine x3  
  77  7:34  Marine  
  78  7:40  Medivac  
  78  7:41  Medivac  
  78  7:43  Marine x3  
  85  7:45  Barracks x2  
  85  7:52  Factory  
  85  7:53  SCV x2  
  83  7:58  Marine  
  83  8:01  Marine  
  83  8:03  Supply Depot  
  83  8:05  Armory  
  85  8:13  Orbital Command  
  85  8:22  Marine  
  85  8:24  Marine x3, Siege Tank, SCV  
  92  8:34  Barracks Reactor x2  
  92  8:35  Factory Tech Lab  
  92  8:39  Supply Depot  
  92  8:40  Supply Depot, Marine, Medivac x2  
  97  8:42  Marine x3  
  100  8:58  Marine  
  100  9:00  Marine x3  
  77  9:14  Marine  
  77  9:15  Marine x3, Siege Tank  
  77  9:16  Marine, Medivac, Siege Tank  
  90  9:18  Marine x3, SCV x2  
  90  9:22  Terran Infantry Armor Level 2  
  95  9:32  Marine x3  
  95  9:33  Marine x2  
  95  9:35  Marine x3  
  100  9:50  Marine x4  
  100  9:51  Marine  
  105  9:53  Marine x3  
  105  9:56  Siege Tank  
  110  10:01  Orbital Command  
  100  10:08  Marine x4  
  100  10:09  Marine  
  94  10:19  Marine x3  
  94  10:20  Hellion  
  99  10:25  Marine  
  99  10:26  Marine x3  
  99  10:27  Marine  
  104  10:29  Siege Tank  
  107  10:40  Sensor Tower, SCV x3  
  107  10:41  Siege Tank  
  113  10:52  Marine, SCV x3  
  117  11:09  Supply Depot  
  117  11:10  Sensor Tower  
  117  11:11  Supply Depot  
  117  11:12  Supply Depot x2  
  117  11:30  Marine x3, Siege Tank, SCV x2  
  125  11:33  Marine, SCV  
  125  11:37  Marine  
  128  11:40  Siege Tank  
  128  11:42  Marine x2, SCV  
  128  11:43  Marine, Medivac  
  128  11:44  Medivac  
  128  11:45  SCV  
  140  11:49  Supply Depot, Refinery  
  140  11:50  Supply Depot x2, Refinery  
  140  11:53  Marine x4  
  144  11:55  Marine  
  144  12:00  Marine x2  
  144  12:01  Marine  
  148  12:11  Siege Tank  
  148  12:13  Hellion, Medivac  
  148  12:14  Medivac  
  157  12:19  Marine x8  
  164  12:34  Hellion  
  164  12:36  Marine  
  167  12:37  Marine x6  
  173  12:44  Supply Depot  
  173  12:45  Supply Depot  
  173  12:47  Marine, Siege Tank  
  133  13:19  Marine  
  125  13:20  Marine x7  
  125  13:21  Hellion, Siege Tank  
Show
View Real Time Build Order
Export as new Build Order

JoNesbo Terran 

Build Orders: Reaper Expand 

Get SALT Encoding   

  12  0:02  SCV  
  14  0:14  SCV  
  14  0:17  Supply Depot  
  14  0:26  SCV  
  15  0:39  SCV  
  15  0:40  Barracks  
  16  0:43  Refinery  
  16  0:51  SCV  
  17  1:03  SCV  
  18  1:15  SCV  
  19  1:27  Reaper, Orbital Command  
  20  1:39  Command Center  
  20  1:50  Supply Depot  
  20  1:54  SCV  
  21  1:58  Marine  
  22  2:03  Factory  
  22  2:07  SCV  
  23  2:12  Refinery  
  23  2:18  Marine  
  23  2:21  SCV  
  25  2:33  SCV  
  25  2:36  Marine  
  27  2:45  SCV  
  27  2:47  Hellion  
  27  2:48  Starport  
  30  2:52  Orbital Command  
  30  2:54  Marine  
  30  2:57  SCV  
  32  3:08  Hellion  
  32  3:10  SCV  
  32  3:11  Supply Depot  
  32  3:12  Marine  
  35  3:22  SCV x2  
  37  3:28  Viking  
  37  3:30  Factory Tech Lab  
  39  3:34  SCV x2  
  39  3:39  Marine  
  42  3:46  Supply Depot  
  42  3:47  SCV x2  
  44  3:49  Siege Tank  
  44  3:55  Engineering Bay  
  47  3:57  Marine  
  47  3:59  SCV  
  43  4:14  Marine  
  40  4:21  Siege Tank  
  35  4:32  Marine  
  35  4:34  SCV x2  
  35  4:35  Starport Reactor  
  38  4:40  Terran Infantry Weapons Level 1, Barracks  
  38  4:41  Supply Depot  
  38  4:42  Barracks  
  38  4:46  SCV  
  38  4:50  SCV  
  38  4:51  Barracks Reactor  
  40  4:53  Siege Tank  
  40  4:58  SCV  
  44  5:02  SCV  
  45  5:10  Refinery  
  45  5:12  Viking x2  
  49  5:14  SCV  
  49  5:16  SCV  
  51  5:26  SCV  
  51  5:27  Marine x2  
  54  5:28  SCV  
  54  5:30  Marine x2  
  57  5:37  Siege Tank  
  57  5:40  SCV x2  
  61  5:45  Missile Turret  
  59  5:51  Viking  
  59  5:55  Missile Turret  
  60  6:00  SCV x2  
  58  6:10  Marine x2  
  60  6:13  SCV x2  
  60  6:17  Marine x2  
  63  6:18  Siege Tank  
  63  6:27  SCV x2  
  63  6:28  Marine  
  63  6:31  Marine  
  67  6:35  Refinery, Marine  
  67  6:38  Marine  
  67  6:39  Missile Turret  
  69  6:42  SCV  
  70  7:01  Supply Depot  
  70  7:02  Supply Depot  
  70  7:15  Marine  
  70  7:16  Marine x2, Medivac, SCV x2  
  70  7:17  Medivac  
  70  7:20  Marine  
  64  7:34  Marine, SCV x2  
  68  7:39  Barracks Tech Lab  
  68  7:40  Barracks Tech Lab  
  67  7:46  SCV  
  67  7:47  Command Center  
  68  7:52  Marine x2  
  68  7:53  SCV  
  68  7:55  Medivac  
  73  7:58  Medivac, SCV  
  76  8:06  SCV  
  76  8:07  Marine x2  
  76  8:10  Marine  
  80  8:25  Viking, Marine  
  80  8:26  Marine x2  
  85  8:34  Supply Depot  
  85  8:35  Viking  
  85  8:36  Supply Depot  
  85  8:40  Marine  
  86  8:49  Supply Depot  
  86  8:50  Supply Depot  
  86  8:53  Stimpack  
  86  8:55  Marine, Combat Shields  
  86  8:56  SCV  
  71  9:10  Marine  
  71  9:11  Marine x2  
  71  9:12  Viking  
  71  9:13  Marine  
  71  9:16  Viking  
  79  9:19  SCV  
  79  9:23  SCV  
  81  9:25  Orbital Command  
  81  9:43  Viking, Marine  
  81  9:44  Marine x3  
  87  9:46  Viking  
  87  9:50  Siege Tank  
  92  9:55  SCV x2  
  94  10:01  Marine  
  73  10:18  SCV  
  73  10:20  Marine x3  
  73  10:21  Viking x2  
  79  10:22  SCV x2  
  79  10:24  Marine  
  84  10:29  Barracks  
  84  10:30  Barracks  
  84  10:34  SCV x2  
  86  10:38  Marine x3  
  86  10:40  Terran Infantry Armor Level 1, Siege Tank  
  86  10:42  Marine  
  92  10:51  SCV x2  
  94  10:58  Marine x3  
  94  11:00  Marine  
  94  11:02  Medivac  
  94  11:03  Medivac, SCV x3  
  105  11:08  Barracks  
  105  11:09  Supply Depot, Barracks  
  105  11:15  SCV x2  
  105  11:16  Marine x4, SCV  
  105  11:18  Marine  
  113  11:24  Siege Tank  
  114  11:34  Marine x4  
  114  11:35  Marine x2  
  120  11:50  Medivac x2  
  120  11:51  Marine  
  120  11:52  Marine x3  
  120  11:53  Marine x2  
  130  11:54  SCV x3  
  133  12:01  Engineering Bay  
  133  12:03  Armory  
  133  12:09  Marine x2  
  133  12:10  Marine x2  
  133  12:11  Marine x2  
  133  12:27  Marine x4  
  133  12:28  Marine  
  133  12:29  Marine  
  139  12:38  Viking  
  139  12:41  Refinery  
  139  12:42  Barracks Reactor, Refinery  
  139  12:43  Barracks Reactor  
  141  12:45  Supply Depot x2  
  141  12:47  Supply Depot x2  
  141  12:48  Supply Depot  
  141  12:50  Sensor Tower  
  141  12:51  Barracks Reactor  
  141  13:05  Marine x4  
  141  13:06  Viking, Marine, Siege Tank  
  98  13:20  Marine x3  
  98  13:23  Marine x5  
  98  13:24  Marine  
  98  13:26  Marine  
  98  13:27  Marine  
  108  13:32  Factory  
Tags
 
Add a new tag
Caveats
  • Supply blocks, unpowered buildings, or Contaminate may cause inaccurate times.
  • Supply counts are checked every 10 seconds.